 Dungeon Crawl Stone Soup version 0.23-a0-650-ga4d50d4 (webtiles) character file.

3945 Gruud the Thrower (level 10, -27/115 HPs)
             Began as a Demonspawn Assassin on Jan 5, 2019.
             Was a Follower of Okawaru.
             Killed from afar by a howler monkey skeleton (45 damage)
             ... with an exploding inner flame
             ... hexed by the player character
             ... on level 9 of the Dungeon.
             The game lasted 00:42:36 (8844 turns).

Gruud the Thrower (Demonspawn Assassin)             Turns: 8844, Time: 00:42:37

Health: -27/115    AC: 25    Str: 15    XL:     10   Next: 1%
Magic:  13/13      EV:  2    Int: 13    God:    Okawaru [*.....]
Gold:   412        SH:  4    Dex: 14    Spells: 9/9 levels left

rFire    . . .     SeeInvis .   a - +2 dagger (venom)
rCold    . . .     Gourm    .   (no shield)
rNeg     + + +     Faith    .   (armour currently unavailable)
rPois    +         Spirit   .   (helmet currently unavailable)
rElec    .         Reflect  +   (cloak currently unavailable)
rCorr    .         Harm     .   (gloves currently unavailable)
MR       .....     NoTele   +   (boots currently unavailable)
Stlth    ++........             o - +4 amulet of reflection
HPRegen  2.29/turn              C - ring of flight
MPRegen  0.13/turn              L - ring of wizardry

@: lethally poisoned (-27 -> -27), tree-form
A: ignite blood, powered by death 1, flame cloud immunity
a: Heroism, Renounce Religion


You were on level 9 of the Dungeon.
You worshipped Okawaru.
Okawaru was aware of your devotion.
You were very hungry.
You were a tree.
You visited 2 branches of the dungeon, and saw 10 of its levels.
You also visited: Sewer.

You collected 412 gold pieces.

Inventory:

Hand Weapons
 a - a +2 dagger of venom (weapon)
 b - a +0 hunting sling
 l - a +0 battleaxe
 v - a +0 halberd
 z - a +0 dagger of draining
 K - a +0 quarterstaff
 M - a +1 blowgun
 N - a cursed -1 hand axe
 O - a +0 flail
 V - a +3 spear
Missiles
 e - 19 poisoned needles
 f - a curare-tipped needle
 s - 22 sling bullets
 t - a throwing net
 H - 2 javelins (quivered)
Armour
 d - a +0 cloak (melded)
 x - a +0 pair of gloves (melded)
 E - a +0 plate armour
 T - a cursed +0 ring mail (melded)
Magical Staves
 n - an uncursed staff of conjuration
Jewellery
 o - a +4 amulet of reflection (around neck)
 C - a ring of flight (left branch)
 D - an uncursed ring of fire
 L - a ring of wizardry (right branch)
Wands
 q - a wand of random effects (19)
 B - a wand of acid (21)
 R - a wand of polymorph (5)
 U - a wand of paralysis (4)
Scrolls
 m - 4 scrolls of enchant weapon
 r - 5 scrolls of remove curse
 y - 5 scrolls of amnesia {unknown}
 F - 5 scrolls of teleportation
 I - a scroll of fear {unknown}
 P - 2 scrolls of random uselessness {unknown}
 S - 3 scrolls of magic mapping
Potions
 c - a potion of cancellation
 h - a potion of mutation
 i - 7 potions of curing
 j - 2 potions of agility
 p - a potion of invisibility
 u - 3 potions of magic
 w - a potion of flight
 A - a potion of ambrosia
 G - a potion of degeneration {unknown}
 J - a potion of haste {unknown}
 Q - a potion of heal wounds {unknown}
Comestibles
 g - 14 rations


   Skills:
 + Level 6.8 Fighting
 - Level 1.7 Short Blades
 * Level 8.7 Throwing
 + Level 5.9 Dodging
 - Level 3.6 Stealth
 * Level 4.1 Invocations
 * Level 4.8 Evocations


You had 9 spell levels left.
You didn't know any spells.
Your spell library was empty.

Dungeon Overview and Level Annotations

Branches:
Dungeon (9/15)             Temple (1/1) D:7
   Lair: D:8-11         Orc: D:9-12

Altars:
Ashenzari
Dithmenos
Gozag
Hepliaklqana
Nemelex Xobeh
Okawaru
Ru
Sif Muna
Trog
Uskayaw

Shops:
D:7 *   D:8 %

Annotations:
D:4 1 runed door, Borgoz's ghost, amateur HaAs
D:6 2 transporters
D:8 1 runed door, kikkula's ghost, novice CeCK


Innate Abilities, Weirdness & Mutations

((Your flesh is heat resistant. (rF+)))
Your demonic aura causes spilled blood to erupt in flames.
You regenerate a little health from kills.
You are immune to clouds of flame.


Message History

Okawaru accepts your kill.
Your Invocations skill increases to level 4!
The fiery explosion engulfs the killer bee.
The killer bee explodes!
You hear an explosion!
The fiery explosion engulfs the centaur.
You kill the centaur!
Okawaru accepts your kill.
You have reached level 10!
The fiery explosion engulfs the killer bee.
The killer bee is severely wounded.
The fiery explosion engulfs the killer bee.
The killer bee explodes!
The fiery explosion engulfs the killer bee.
You kill the killer bee!
Okawaru accepts your kill.
The fiery explosion engulfs the howler monkey skeleton.
The howler monkey skeleton explodes!
The fiery explosion engulfs you!
You die...

.. #. ..
#. #y
##§##
######§§§#
...)..(#♣#
.....§§§§#
##########


You could see a killer bee.

Vanquished Creatures
  A hippogriff (D:5)
  A spriggan (D:7)
  A hungry ghost (D:7)
  Duvessa (D:5)
  3 orc warriors
  2 black bears (D:8)
  An ice beast (D:7)
  3 sky beasts
  4 ogres
  3 centaurs
  4 bullfrogs
  Dowan (D:5)
  A wyvern skeleton (D:8)
  2 scorpions
  6 killer bees
  2 howler monkeys
  2 crimson imps
  A jelly (D:8)
  A quasit (D:6)
  4 hounds
  2 orc priests (D:6)
  4 orc wizards
  2 iguanas
  4 bullfrog skeletons
  5 worker ants
  A hound zombie (D:7)
  2 worker ant zombies
  14 gnolls
  13 adders
  3 shadow imps
  2 adder skeletons
  7 worms
  2 dart slugs
  5 leopard geckos
  21 orcs
  3 ball pythons
  7 giant cockroaches
  6 goblins
  3 hobgoblins
  14 jackals
  10 quokkas
  5 bats
  10 frilled lizards
  A jackal skeleton (D:8)
  A jackal zombie (D:5)
  11 kobolds
  A leopard gecko skeleton (D:4)
  A leopard gecko zombie (D:7)
  12 rats
  8 plants
224 creatures vanquished.

Vanquished Creatures (others)
  A plant (Sewer)
1 creature vanquished.

Grand Total: 225 creatures vanquished

Notes
Turn   | Place    | Note
-------+----------+-------------------------------------------
     0 | D:1      | Gruud the Demonspawn Assassin began the quest for the Orb.
     0 | D:1      | Reached XP level 1. HP: 16/16 MP: 1/1
    61 | D:1      | Reached skill level 1 in Dodging
    74 | D:1      | Reached skill level 2 in Throwing
   149 | D:1      | Gained mutation: Your flesh is heat resistant. (rF+)
                  | [demonic ancestry]
   149 | D:1      | Reached XP level 2. HP: 12/22 MP: 2/2
   828 | D:2      | Gained mutation: You are immune to clouds of flame.
                  | [demonic ancestry]
   828 | D:2      | Reached XP level 3. HP: 15/28 MP: 3/3
  1281 | D:2      | Reached skill level 3 in Throwing
  1336 | D:2      | Gained mutation: You regenerate a little health from kills.
                  | [demonic ancestry]
  1336 | D:2      | Reached XP level 4. HP: 18/34 MP: 4/4
  2178 | D:3      | Reached XP level 5. HP: 30/41 MP: 5/5
  2327 | D:3      | Found a deep blue altar of Sif Muna.
  2958 | D:4      | Noticed a centaur
  2968 | D:4      | Killed a centaur
  2968 | D:4      | Reached skill level 4 in Throwing
  2972 | D:4      | Reached XP level 6. HP: 22/47 MP: 6/6
  3001 | D:4      | Found a hide-covered altar of Uskayaw.
  3766 | D:4      | Found a runed door.
  3770 | D:4      | Noticed Borgoz's ghost (amateur HaAs)
  4061 | D:4      | Noticed a moth of wrath
  4064 | D:4      | Found a bloodstained altar of Trog.
  4108 | D:4      | Reached skill level 5 in Throwing
  4213 | D:5      | Entered Level 5 of the Dungeon
  4247 | D:5      | Noticed a hippogriff
  4257 | D:5      | Reached XP level 7. HP: 54/54 MP: 7/7
  4278 | D:5      | Killed a hippogriff
  4477 | D:5      | Found a hazy altar of Hepliaklqana.
  4477 | D:5      | Found a sacrificial altar of Ru.
  4501 | D:5      | Noticed Dowan
  4502 | D:5      | Noticed Duvessa
  4517 | D:5      | Killed Duvessa
  4517 | D:5      | Reached skill level 6 in Throwing
  4520 | D:5      | Killed Dowan
  4534 | D:5      | Found a shattered altar of Ashenzari.
  4538 | D:5      | Gained mutation: Your demonic aura causes spilled blood to
                  | erupt in flames. [demonic ancestry]
  4538 | D:5      | Reached XP level 8. HP: 61/61 MP: 8/8
  4632 | D:5      | Found an opulent altar of Gozag.
  4655 | D:5      | Found a glowing drain.
  4670 | D:5      | Reached skill level 5 in Fighting
  4701 | Sewer    | Entered a sewer
  5857 | D:6      | Found a transporter.
  6094 | D:6      | Reached skill level 7 in Throwing
  6134 | D:6      | Noticed a four-headed hydra
  6138 | D:6      | Found a sparkling altar of Nemelex Xobeh.
  6149 | D:6      | Found a transporter.
  6342 | D:6      | Found a shadowy altar of Dithmenos.
  6346 | D:6      | Paralysed by an orc warrior for 2 turns
  6667 | D:6      | Reached skill level 5 in Dodging
  7051 | D:7      | Reached skill level 1 in Evocations
  7158 | D:7      | Reached XP level 9. HP: 64/69 MP: 10/10
  7377 | D:7      | Reached skill level 8 in Throwing
  7551 | D:7      | Found Lawker's Assorted Antiques.
  7658 | D:7      | Found an iron altar of Okawaru.
  7675 | D:7      | Became a worshipper of Warmaster Okawaru
  7770 | D:7      | Found a staircase to the Ecumenical Temple.
  7779 | Temple   | Entered the Ecumenical Temple
  7897 | D:7      | Reached skill level 1 in Invocations
  8033 | D:8      | Found a deep blue altar of Sif Muna.
  8058 | D:8      | Found a runed door.
  8086 | D:8      | Noticed kikkula's ghost (novice CeCK)
  8132 | D:8      | Reached * piety under Okawaru
  8397 | D:8      | Found a shadowy altar of Dithmenos.
  8456 | D:8      | Found Pefydoam's Food Emporium.
  8844 | D:9      | Reached XP level 10. HP: 18/77 MP: 13/13
  8844 | D:9      | Killed from afar by a howler monkey skeleton

Vault maps used:
D:1:      dpeg_chamrin_arrival_tetris, minmay_quantized
D:2:      feat_on_display
D:3:      wad_woods_pond, led_sif_pool
D:4:      eat_drink_and_be_merry_uskayaw, tgw_trog, first_ration,
          ebering_ghost_sewer_d, grunt_ministairs_14, glass_columns_b,
          kennysheep_nub, minmay_starry_boxes
D:5:      marbit_many_paths, old_standard_altar,
          gammafunk_temple_overflow_pools, gup_sewer_entry_glass,
          kennysheep_cluttered_room, uniq_duvessa
D:6:      gammafunk_temple_overflow_arena, grunt_dithmenos_smoke_and_mirrors
D:7:      minmay_temple_entry_poolview, serial_shops, nicolae_shop_trees,
          the_bakery, okawaru_gym_becter
D:8:      overflow_temple_1_default, ebering_ghost_inner_flame, serial_shops,
          nicolae_shop_trees, basic_altar, kennysheep_dice
D:9:      dpeg_oklobed_lair, wad_scary_box
Temple:   nicolae_temple_figure_eight
Sewer:    sewer_co_scattered_pipes

Skill      XL: |  1  2  3  4  5  6  7  8  9 |
---------------+----------------------------+-----
Dodging        | 1 2 3 4 5 |  5.9
Throwing       | 2 3 4 5 6 7 8 |  8.7
Fighting       | 3 4 6 |  6.8
Evocations     | 2 4 |  4.8
Invocations    | 4 |  4.1
Short Blades   | |  1.7
Stealth        | |  3.6

Action                   |  1- 3 |  4- 6 |  7- 9 | 10-12 || total
-------------------------+-------+-------+-------+-------++-------
Melee: Dagger            |   117 |   275 |   229 |       ||   621
       Unarmed           |       |       |     9 |       ||     9
       Flail             |       |       |   357 |       ||   357
       Spear             |       |       |    71 |       ||    71
 Fire: Blowgun           |       |     4 |   210 |       ||   214
       Hunting sling     |       |       |     4 |       ||     4
Throw: Stone             |     6 |     1 |       |       ||     7
  Use: Scroll            |     5 |     8 |     6 |       ||    19
       Potion            |       |       |     1 |       ||     1
 Stab: Sleeping          |     7 |     5 |     2 |       ||    14
       Distracted        |     1 |     1 |       |       ||     2
       Confused          |       |       |     1 |       ||     1
  Eat: Chunk             |     1 |    10 |    17 |       ||    28
       Ration            |       |       |     1 |       ||     1
Armor: Leather armour    |    19 |    47 |    53 |       ||   119
       Robe              |     1 |       |       |       ||     1
       Ring mail         |       |       |   104 |       ||   104
       Skin              |       |       |    21 |       ||    21
Dodge: Dodged            |    52 |   117 |   307 |       ||   476
Block: Other             |       |    11 |    62 |       ||    73
       Reflection        |       |       |     3 |       ||     3

Table legend:
 A = Non-vault XP
 B = Vault XP
 C = Vault XP percentage of total XP
 D = Non-vault monster count
 E = Vault monster count
 F = Vault count percentage of total count
                 A         B        C        D         E       F
            +---------+---------+-------+---------+---------+-------
      Total |    5025 |     611 |  10.8 |     176 |      40 |  18.5
            +---------+---------+-------+---------+---------+-------
        D:1 |      23 |       7 |  23.3 |      16 |       5 |  23.8
        D:2 |     126 |       0 |   0.0 |      27 |       0 |   0.0
        D:3 |      90 |       3 |   3.2 |      24 |       1 |   4.0
        D:4 |     389 |      61 |  13.6 |      20 |       7 |  25.9
        D:5 |     581 |     253 |  30.3 |      17 |       7 |  29.2
        D:6 |     893 |       0 |   0.0 |      14 |       0 |   0.0
        D:7 |    1442 |     229 |  13.7 |      30 |       1 |   3.2
        D:8 |    1253 |       3 |   0.2 |      25 |       1 |   3.8
        D:9 |     228 |       0 |   0.0 |       3 |       0 |   0.0
      Sewer |       0 |      55 | 100.0 |       0 |      18 | 100.0
            +---------+---------+-------+---------+---------+-------
